 Dungeon Crawl Stone Soup version 0.22-a0-558-gc224181 (webtiles) character file.

102 iamserjio the Chopper (level 4, -12/60 HPs)
             Began as a Minotaur Skald on June 27, 2018.
             Mangled by an ogre
             ... wielding a +0 giant club
              (18 damage)
             ... on level 4 of the Dungeon.
             The game lasted 00:01:55 (307 turns).

iamserjio the Chopper (Minotaur Skald)               Turns: 307, Time: 00:01:56

Health: -12/60     AC:  8    Str: 21    XL:     4   Next: 49%
Magic:  5/5        EV:  8    Int: 10    God:
Gold:   26         SH:  0    Dex: 10    Spells: 4/5 levels left

rFire    . . .     SeeInvis .   a - +0 hand axe
rCold    . . .     Gourm    .   (no shield)
rNeg     . . .     Faith    .   c - +0 chain mail
rPois    .         Spirit   .   (helmet restricted)
rElec    .         Reflect  .   (no cloak)
rCorr    .         Harm     .   (no gloves)
MR       .....                  (no boots)
Stlth    ..........             (no amulet)
HPRegen  0.20/turn              (no ring)
MPRegen  0.09/turn              (no ring)

@: berserking, lethally poisoned (-12 -> -16), very quick
A: retaliatory headbutt, horns 2
a: no special abilities


You were on level 4 of the Dungeon.
You were not hungry.

You visited 1 branch of the dungeon, and saw 4 of its levels.

You collected 26 gold pieces.

Inventory:

Hand Weapons
 a - a +0 hand axe (weapon)
Armour
 b - a +0 leather armour
 c - a +0 chain mail (worn)
 g - a cursed +0 helmet
 h - a +2 hat
Jewellery
 j - an uncursed amulet of regeneration {unknown}
Scrolls
 e - a scroll of fog {unknown}
 i - a scroll of teleportation {unknown}
Comestibles
 d - a ration


   Skills:
 + Level 3.8 Fighting
 * Level 4.9 Axes
 - Level 1.2 Armour
 - Level 2.1 Dodging
 - Level 1.3 Spellcasting
 - Level 2.0 Charms


You had 4 spell levels left.
You knew the following spells:

 Your Spells              Type           Power        Failure   Level  Hunger
a - Infusion              Chrm           #...         83%         1    ##.....

Your spell library contained the following spells:

 Spells                   Type           Power        Failure   Level  Hunger
 Regeneration             Chrm/Necr      #.........   100%        3    ####...
 Shroud of Golubria       Chrm/Tloc      #.........   98%         2    ###....
 Song of Slaying          Chrm           #.......     93%         2    ###....
 Spectral Weapon          Hex/Chrm       #.......     100%        3    ####...


Dungeon Overview and Level Annotations

Branches:
Dungeon (4/15)
 Temple: D:4-7

Altars:


Innate Abilities, Weirdness & Mutations

You reflexively headbutt those who attack you in melee.
You have a pair of horns on your head.


Message History

The adder barely misses you. You furiously retaliate!
You headbutt the adder!
You kill the adder!
You have reached level 4!
You feel agile. The orc hits you but does no damage.
You slash the orc wizard!
The orc wizard is severely wounded.
You hit the orc. You barely miss the orc. The orc hits you but does no damage.
The orc closely misses you.
The orc wizard hits you but does no damage.
You slash the orc wizard!
You kill the orc wizard!
You hit the orc.
You kill the orc!
You slash the orc!
You kill the orc!
You feel sick.
Your chain mail prevents you from hitting the ogre.
The ogre hits you with a giant club!!
You die...

.......##
........###
..........###
............##
.............####
.................
......[O)........
......)@).......#
.......%........#
.........<......#
#####........####
##########


You could see an ogre.

Vanquished Creatures
  A bullfrog zombie (D:3)
  An orc wizard (D:4)
  2 adders
  An ooze (D:3)
  4 orcs (D:4)
  2 ball pythons
  A hobgoblin (D:3)
  A jackal (D:2)
  2 kobolds
  A rat (D:1)
16 creatures vanquished.

Notes
Turn   | Place    | Note
-------+----------+-------------------------------------------
     0 | D:1      | iamserjio the Minotaur Skald began the quest for the Orb.
     0 | D:1      | Reached XP level 1. HP: 18/18 MP: 1/1
    52 | D:1      | You fall through a shaft!
   142 | D:2      | Reached skill level 3 in Axes
   142 | D:2      | Reached XP level 2. HP: 25/25 MP: 3/3
   203 | D:3      | Reached skill level 4 in Axes
   203 | D:3      | Reached XP level 3. HP: 31/31 MP: 4/4
   300 | D:4      | Noticed an ogre
   304 | D:4      | Reached XP level 4. HP: 6/39 MP: 5/5
   307 | D:4      | Mangled by an ogre

Vault maps used:
D:1:      ncdulo_wetmaze
D:2:      kennysheep_generic_room_14
D:3:      chequers_temple_overflow_minitemple, supply_closet_lemuel, uniq_ijyb,
          uniq_grinder, uniq_sigmund
D:4:      overflow_temple_1_default, minmay_temple_entry_purple_smoke,
          hangedman_minor_gate_pass

Skill      XL: |  1  2 |
---------------+-------+-----
Axes           | 3 4 |  4.9
Fighting       | 3 |  3.8
Armour         | |  1.2
Dodging        | |  2.1
Spellcasting   | |  1.3
Charms         | |  2.0

Action                   |  1- 3 |  4- 6 || total
-------------------------+-------+-------++-------
Melee: Hand axe          |    33 |     3 ||    36
       Headbutt          |     8 |       ||     8
  Use: Potion            |     1 |       ||     1
Armor: Chain mail        |    32 |     2 ||    34
Dodge: Dodged            |    24 |     1 ||    25

Table legend:
 A = Spawn XP
 B = Non-spawn XP
 C = Spawn XP percentage of total XP
 D = Spawn monster count
 E = Non-spawn monster count
 F = Spawn count percentage of total count
 G = Total turns spent on level
                    A         B        C        D         E        F      G
               +---------+---------+-------+---------+---------+-------+---------
         Total |       0 |     146 |   0.0 |       0 |      16 |   0.0 |   307
               +---------+---------+-------+---------+---------+-------+---------
           D:1 |       0 |       2 |   0.0 |       0 |       2 |   0.0 |   113
           D:2 |       0 |      15 |   0.0 |       0 |       2 |   0.0 |    68
           D:3 |       0 |      63 |   0.0 |       0 |       5 |   0.0 |   113
           D:4 |       0 |      66 |   0.0 |       0 |       7 |   0.0 |    13
               +---------+---------+-------+---------+---------+-------+---------
